 Dungeon Crawl Stone Soup version 0.20.1-1-g8b1a95d (webtiles) character file.

263 graki42 the Magician (level 5, -10/28 HPs)
             Began as a Deep Elf Fire Elementalist on Aug 11, 2017.
             Killed by divine providence
             ... invoked by an orc priest
              (16 damage)
             ... on level 3 of the Dungeon.
             The game lasted 00:08:02 (2408 turns).

graki42 the Magician (Deep Elf Fire Elementalist)   Turns: 2408, Time: 00:08:04

Health: -10/28     AC:  2    Str:  6    XL:     5   Next: 98%
Magic:  14/14      EV: 13    Int: 20    God:
Gold:   93         SH:  0    Dex: 15    Spells: 3/14 levels left

rFire    . . .     SeeInvis .   (no weapon)
rCold    . . .     Gourm    .   (no shield)
rNeg     . . .     Faith    .   a - +0 robe
rPois    .         Spirit   .   (no helmet)
rElec    .         Reflect  .   (no cloak)
rCorr    +         Harm     .   (no gloves)
MR       .....                  (no boots)
Stlth    ++........             (no amulet)
Regen    0.1/turn               e - ring of resist corrosion
MPRegen  0.2/turn               (no ring)

@: no status effects
A: no striking features
a: no special abilities


You were on level 3 of the Dungeon.
You were not hungry.

You visited 1 branch of the dungeon, and saw 3 of its levels.

You collected 93 gold pieces.

Inventory:

Missiles
 f - 81 stones (quivered)
Armour
 a - a +0 robe (worn)
Jewellery
 e - a ring of resist corrosion (left hand)
Scrolls
 d - a scroll of blinking {unknown}
 h - a scroll of fear {unknown}
 j - a scroll of identify {unknown}
 k - a scroll of recharging {unknown}
 m - a scroll of enchant weapon {unknown}
 o - a scroll of magic mapping {unknown}
 p - a scroll of remove curse {unknown}
 t - a scroll of noise {unknown}
Potions
 i - a potion of haste {unknown}
 n - a potion of agility {unknown}
 r - a potion of heal wounds {unknown}
 s - a potion of flight {unknown}
Books
 b - a book of Flames

   Spells                             Type                      Level
   a - Flame Tongue                   Conjuration/Fire             1
   b - Throw Flame                    Conjuration/Fire             2
   c - Conjure Flame                  Conjuration/Fire             3
   d - Inner Flame                    Hexes/Fire                   3
   e - Sticky Flame                   Conjuration/Fire             4
   f - Fireball                       Conjuration/Fire             5
Comestibles
 c - 3 bread rations
 g - 3 fruits
 l - a meat ration
 q - a royal jelly


   Skills:
 + Level 2.7 Dodging
 + Level 2.9 Stealth
 + Level 5.1 Spellcasting
 + Level 3.4 Conjurations
 + Level 0.6 Hexes
 + Level 5.0 Fire Magic


You had 3 spell levels left.
You knew the following spells:

 Your Spells              Type           Power        Failure   Level  Hunger
a - Flame Tongue          Conj/Fire      ###..        1%          1    None
b - Conjure Flame         Conj/Fire      ###.....     6%          3    ##.....
c - Inner Flame           Hex/Fire       ###.....     11%         3    ##.....
d - Sticky Flame          Conj/Fire      ###.....     21%         4    ####...


Dungeon Overview and Level Annotations

Branches:
Dungeon (3/15)

Altars:


Message History

You start resting.
Magic restored.
The kobold shouts!
You enter a teleport trap!
The teleport trap disappears.
Your surroundings suddenly seem different.
A kobold, an orc, 2 orc priests and a skeleton come into view.
The kobold shouts!
The orc priest shouts!
The orc shouts!
The orc priest invokes the aid of Beogh against you.
Pain shoots through your body!
Unknown command.
The orc priest begins to cast a cantrip, but forgets the words!
The orc priest invokes the aid of Beogh against you.
Beogh smites you!
Ouch! That really hurt!
* * * LOW HITPOINT WARNING * * *
You see here a naga barding.
The orc priest mumbles some strange prayers to Beogh against you.
Beogh smites you!
Ouch! That really hurt!
You die...

.##.#######.....o####.....#.##
......÷..†....)#o# ##.#.## ..
....############.# #..... ...
.#### #.# ####.## ## .# #o# .#
.# #.# .# .# #Z# .# .# #.# .#
#@# .. ..# #.# ## #.# #.# #.#
#.# #.# ######.# #.# #......#
#.# #.###### #.# #(# #<###.#


You could see an orc priest, an orc and a howler monkey skeleton.

Vanquished Creatures
  A sky beast (D:3)
  Terence (D:2)
  4 gnolls (D:3)
  2 adders (D:2)
  3 worms
  5 dart slugs
  3 leopard geckos
  An orc (D:3)
  4 giant cockroaches
  3 goblins
  8 hobgoblins
  10 jackals
  9 kobolds
  A quokka (D:2)
  6 bats
  3 frilled lizards
  A rat (D:1)
65 creatures vanquished.

Notes
Turn   | Place    | Note
-------+----------+-------------------------------------------
     0 | D:1      | graki42 the Deep Elf Fire Elementalist began the quest for the Orb.
     0 | D:1      | Reached XP level 1. HP: 10/10 MP: 6/6
    97 | D:1      | Reached XP level 2. HP: 15/15 MP: 2/8
   583 | D:1      | You fall through a shaft!
   589 | D:2      | Reached XP level 3. HP: 19/19 MP: 7/9
   594 | D:2      | Learned a level 3 spell: Conjure Flame
   598 | D:2      | Learned a level 3 spell: Inner Flame
  1173 | D:2      | Noticed Terence
  1309 | D:2      | Killed Terence
  1309 | D:2      | Reached XP level 4. HP: 15/24 MP: 8/12
  1377 | D:2      | Learned a level 4 spell: Sticky Flame
  1976 | D:3      | Noticed a sky beast
  1986 | D:3      | Killed a sky beast
  1986 | D:3      | Reached skill level 5 in Spellcasting
  1986 | D:3      | Reached XP level 5. HP: 7/28 MP: 5/14
  2232 | D:3      | Reached skill level 5 in Fire Magic
  2408 | D:3      | Killed from afar by an orc priest

Skill      XL: |  1  2  3  4  5 |
---------------+----------------+-----
Fire Magic     | 4 5 |  5.0
Spellcasting   | 4 5 |  5.1
Conjurations   | 2 3 |  3.4
Dodging        | |  2.7
Stealth        | |  2.9
Hexes          | |  0.6

Action                   |  1- 3 |  4- 6 || total
-------------------------+-------+-------++-------
 Cast: Flame Tongue      |    75 |    47 ||   122
       Conjure Flame     |       |     2 ||     2
       Sticky Flame      |       |     1 ||     1
       Inner Flame       |       |     1 ||     1
  Eat: Chunk             |     1 |     4 ||     5
Armor: Robe              |     4 |     1 ||     5
Dodge: Dodged            |    28 |    10 ||    38
